 Dungeon Crawl Stone Soup version 0.21-a0-94-gdd6ab6a (webtiles) character file.

63 HAL9000 the Vexing (level 4, 0/21 HPs)
             Began as a Vine Stalker Enchanter on July 3, 2017.
             Slain by an adder (5 damage)
             ... on level 2 of the Dungeon.
             The game lasted 00:04:30 (2163 turns).

HAL9000 the Vexing (Vine Stalker Enchanter)         Turns: 2163, Time: 00:04:30

Health: 0/21       AC:  2    Str: 11    XL:     4   Next: 9%
Magic:  0/8        EV: 12    Int: 15    God:
Gold:   101        SH:  0    Dex: 15    Spells: 4/7 levels left

rFire    . . .     SeeInvis .   a - +1 dagger
rCold    . . .     Gourm    .   (no shield)
rNeg     . . .     Faith    .   j - +0 robe (curse)
rPois    .         Spirit   +   (no helmet)
rElec    .         Reflect  .   (no cloak)
rCorr    .         Harm     .   (no gloves)
MR       .....                  (no boots)
Stlth    ++........             (no amulet)
HPRegen  0.47/turn              (no ring)
MPRegen  0.11/turn              (no ring)

@: lethally poisoned (0 -> -6)
A: fangs 2, regeneration 1, magic shield, antimagic bite, no potion heal 3, rot
immunity
a: no special abilities


You were on level 2 of the Dungeon.
You were not hungry.

You visited 1 branch of the dungeon, and saw 2 of its levels.

You collected 101 gold pieces.

Inventory:

Hand Weapons
 a - a +1 dagger (weapon)
Armour
 j - a cursed +0 robe (worn)
Scrolls
 g - a scroll of remove curse {unknown}
 h - a scroll of immolation {unknown}
 l - 2 scrolls of identify {unknown}
 p - a scroll of teleportation {unknown}
 s - a scroll of recharging {unknown}
Potions
 e - a potion of ambrosia {unknown}
 i - a potion of magic {unknown}
 m - a potion of agility {unknown}
 r - a potion of heal wounds {unknown}
Books
 c - a book of Maledictions

   Spells                             Type                      Level
   a - Corona                         Hexes                        1
   b - Ensorcelled Hibernation        Hexes/Ice                    2
   c - Confuse                        Hexes                        3
   d - Tukima's Dance                 Hexes                        3
   e - Dazzling Spray                 Conjuration/Hexes            3
Comestibles
 d - 4 bread rations
 k - 4 fruits
 n - a meat ration
 q - a royal jelly


   Skills:
 + Level 2.4 Short Blades
 - Level 1.5 Dodging
 - Level 3.6 Stealth
 - Level 2.1 Spellcasting
 + Level 4.0 Hexes


You had 4 spell levels left.
You knew the following spells:

 Your Spells              Type           Power        Failure   Level  Hunger
a - Corona                Hex            ##.....      4%          1    #......
z - Ensorcelled Hibernat  Hex/Ice        #.....       14%         2    ###....


Dungeon Overview and Level Annotations

Branches:
Dungeon (2/15)

Altars:
Hepliaklqana

Annotations:
D:2 Sigmund


Innate Abilities, Weirdness & Mutations

You have extremely sharp teeth.
Your natural rate of healing is unusually fast.
When hurt, damage is shared between your health and your magic reserves.
Your bite disrupts and absorbs the magic of your enemies.
Potions cannot restore your health.
You are immune to rotting.


Message History

You barely miss the adder. Your bite misses the adder.
The adder is severely wounded.
The adder bites you.
You are more poisoned.
The adder poisons you!
You barely miss the adder.
The adder is severely wounded.
You feel sick. The adder bites you.
* * * LOW HITPOINT WARNING * * *
You are lethally poisoned!
The adder poisons you!
Casting: Ensorcelled Hibernation
Confirm with . or Enter, or press ? or * to list all spells.
Aiming: Ensorcelled Hibernation
Press: ? - help, Shift-Dir - straight line, f - adder
Aim: an adder (severely wounded, chance to defeat MR: 48%)
The adder resists with some effort.
* * * LOW HITPOINT WARNING * * *
You feel sick. The adder misses you. The adder bites you.
You die...

##.## #................# ###..#
##...............# #...##
##..............# #.###
##..........#.## ##.#
#.............. ######..#
##.....#........ #..##..##
###......#........ ##.##.##
##...#.####........ #....#
#S@###....#...<.... #...##
#...####....#........ ##..### #.##
#......#........ ##.....# ##..#
#.#.............
รท...##.###...#####.#.............
###....#...# #.........#.#....##
###......######.........#.#..###
.................)...........#
.##.###.....................##


You could see an adder.

Vanquished Creatures
  2 adders (D:2)
  2 worms (D:1)
  3 dart slugs (D:1)
  A leopard gecko (D:1)
  An orc (D:2)
  A ball python (D:1)
  A giant cockroach (D:1)
  7 goblins
  5 hobgoblins
  5 bats
  2 kobolds
  2 rats
32 creatures vanquished.

Notes
Turn   | Place    | Note
-------+----------+-------------------------------------------
     0 | D:1      | HAL9000 the Vine Stalker Enchanter began the quest for the Orb.
     0 | D:1      | Reached XP level 1. HP: 9/9 MP: 4/4
   131 | D:1      | Reached skill level 1 in Short Blades
   260 | D:1      | Reached XP level 2. HP: 12/13 MP: 6/6
   293 | D:1      | Learned a level 2 spell: Ensorcelled Hibernation
   998 | D:1      | Reached XP level 3. HP: 14/16 MP: 7/7
  1746 | D:2      | Gained mutation: Your natural rate of healing is unusually fast. [Vine Stalker growth]
  1746 | D:2      | Reached XP level 4. HP: 9/21 MP: 8/8
  1818 | D:2      | Found a hazy altar of Hepliaklqana.
  1846 | D:2      | Noticed Sigmund
  2069 | D:2      | Reached skill level 4 in Hexes
  2163 | D:2      | Slain by an adder

Vault maps used:
D:1:      minmay_arrival_split_and_join
D:2:      old_standard_altar, lemuel_coloured_pillars_altar,
          grunt_decor_resistance, uniq_sigmund

Skill      XL: |  1  2  3  4 |
---------------+-------------+-----
Short Blades   | 1 2 |  2.4
Hexes          | 4 |  4.0
Dodging        | |  1.5
Stealth        | |  3.6
Spellcasting   | |  2.1

Action                   |  1- 3 |  4- 6 || total
-------------------------+-------+-------++-------
Melee: Dagger            |    91 |    32 ||   123
       Bite              |    14 |     7 ||    21
 Cast: Ensorcelled Hiber |    12 |     6 ||    18
 Stab: Sleeping          |    11 |     1 ||    12
  Eat: Chunk             |     3 |     2 ||     5
Armor: Robe              |    10 |     9 ||    19
Dodge: Dodged            |    49 |    30 ||    79
